General information
			
			
        
        - name: BNet
 
        - type: Ladder team game (AT/RT)
 
        - host: Battle.net
 
        - saver: Cap10_Ginyu
 
        
map: Highperch 
        - players: 6
 
        - length: 638:20
 
        - speed: Fast
 - version: 1.22 W3XP
 - replay type:  Public
 
» download(1073 KB)
Players
        team 1 (winner) 
              
              
Cap10_Ginyu (
blue | 3 APM | 2154 actions | 638:20)
              
 5 Archmage 
 3 Blizzard
 2 Brilliance Aura
 
                » actions 
                
                | Assign group hotkey | 22 |  | 
| Basic commands | 90 |  | 
| Build / train | 130 |  | 
| ESC pressed | 6 |  | 
| Enter build submenu | 125 |  | 
| Enter hero's abilities submenu | 5 |  | 
| Give item / drop item | 1 |  | 
| Remove unit from queue | 1 |  | 
| Right click | 536 |  | 
| Select / deselect | 649 |  | 
| Select group hotkey | 168 |  | 
| Use ability | 421 |  | 
                2154 total
 » units 
                
                | Peasant | 18 |  | 
| Dragonhawk Rider | 18 |  | 
| Priest | 1 |  | 
| Sorceress | 1 |  | 
                38 total
 » upgrades
                
                | Masonry | 3 |  | 
| Swords | 3 |  | 
| Armor | 3 |  | 
| Lumber Harvesting | 1 |  | 
| Magic Sentry | 1 |  | 
| Animal War Training | 1 |  | 
| Priest Training | 2 |  | 
| Sorceress Training | 2 |  | 
| Cloud | 1 |  | 
                17 total
 » buildings
                
                | Altar of Kings | 2 |  | 
| Farm | 15 |  | 
| Scout Tower | 133 |  | 
| Lumber Mill | 2 |  | 
| Guard Tower | 38 |  | 
| Blacksmith | 1 |  | 
| Keep | 2 |  | 
| Arcane Vault | 2 |  | 
| Barracks | 1 |  | 
| Arcane Sanctum | 1 |  | 
| Gryphon Aviary | 5 |  | 
| Town Hall | 2 |  | 
| Workshop | 1 |  | 
| Castle | 2 |  | 
| Cannon Tower | 7 |  | 
| Arcane Tower | 11 |  | 
                225 total
 » build order
                00:06 Altar of Kings
00:51 Farm
01:16 Scout Tower
01:19 Scout Tower
01:31 Lumber Mill
01:48 Scout Tower
01:51 Scout Tower
02:24 Guard Tower
02:35 Farm
02:46 Guard Tower
02:46 Guard Tower
03:01 Scout Tower
03:10 Scout Tower
03:13 Scout Tower
03:42 Guard Tower
03:55 Scout Tower
03:56 Scout Tower
03:57 Scout Tower
04:12 Guard Tower
04:13 Guard Tower
04:17 Scout Tower
04:20 Scout Tower
04:21 Scout Tower
04:22 Scout Tower
04:23 Scout Tower
04:24 Scout Tower
04:27 Scout Tower
04:27 Scout Tower
04:28 Scout Tower
04:29 Scout Tower
04:34 Guard Tower
04:39 Guard Tower
04:42 Guard Tower
04:51 Blacksmith
04:55 Farm
05:00 Guard Tower
05:07 Guard Tower
05:08 Guard Tower
05:13 Guard Tower
05:42 Guard Tower
05:47 Farm
05:48 Farm
07:02 Guard Tower
07:05 Scout Tower
07:08 Scout Tower
07:08 Scout Tower
07:09 Scout Tower
07:10 Scout Tower
07:11 Scout Tower
07:11 Scout Tower
07:14 Scout Tower
07:15 Scout Tower
07:16 Scout Tower
07:17 Scout Tower
07:18 Scout Tower
07:20 Scout Tower
07:21 Scout Tower
07:23 Scout Tower
07:26 Keep
07:31 Farm
07:35 Arcane Vault
07:39 Farm
07:47 Barracks
08:30 Guard Tower
08:50 Guard Tower
09:18 Guard Tower
09:51 Arcane Sanctum
09:57 Gryphon Aviary
10:02 Gryphon Aviary
10:07 Scout Tower
10:09 Scout Tower
10:10 Scout Tower
10:11 Scout Tower
10:15 Scout Tower
10:17 Scout Tower
10:56 Scout Tower
10:57 Scout Tower
10:58 Scout Tower
10:59 Scout Tower
11:00 Scout Tower
11:01 Scout Tower
11:03 Scout Tower
11:04 Scout Tower
11:04 Scout Tower
11:06 Scout Tower
11:55 Guard Tower
12:00 Guard Tower
12:11 Scout Tower
13:25 Town Hall
13:42 Workshop
13:51 Guard Tower
14:42 Castle
15:11 Guard Tower
15:37 Guard Tower
15:42 Guard Tower
15:51 Guard Tower
15:53 Cannon Tower
15:55 Cannon Tower
15:57 Cannon Tower
15:59 Cannon Tower
16:07 Scout Tower
16:08 Scout Tower
16:10 Scout Tower
17:35 Gryphon Aviary
17:45 Scout Tower
17:49 Scout Tower
18:24 Cannon Tower
18:26 Cannon Tower
18:39 Cannon Tower
24:00 Farm
24:00 Farm
24:01 Farm
24:02 Farm
24:04 Farm
24:05 Farm
24:46 Farm
24:47 Farm
25:12 Scout Tower
25:13 Scout Tower
25:15 Scout Tower
25:18 Scout Tower
25:20 Scout Tower
25:21 Scout Tower
25:23 Scout Tower
25:26 Scout Tower
25:29 Scout Tower
25:32 Scout Tower
25:34 Scout Tower
25:36 Scout Tower
25:37 Scout Tower
25:41 Scout Tower
25:43 Scout Tower
25:53 Scout Tower
25:56 Scout Tower
25:57 Scout Tower
25:59 Scout Tower
26:00 Scout Tower
26:03 Scout Tower
26:05 Scout Tower
26:09 Scout Tower
26:14 Scout Tower
26:19 Scout Tower
26:22 Scout Tower
26:23 Scout Tower
26:25 Scout Tower
26:28 Scout Tower
26:31 Scout Tower
26:33 Scout Tower
26:38 Scout Tower
26:44 Scout Tower
26:46 Scout Tower
26:48 Scout Tower
26:49 Scout Tower
26:52 Scout Tower
26:56 Scout Tower
26:59 Scout Tower
27:23 Guard Tower
27:30 Scout Tower
27:33 Scout Tower
27:34 Scout Tower
27:35 Scout Tower
27:36 Scout Tower
27:38 Scout Tower
27:39 Scout Tower
27:42 Scout Tower
27:43 Scout Tower
27:45 Scout Tower
27:51 Scout Tower
27:53 Scout Tower
27:56 Scout Tower
28:00 Scout Tower
28:02 Scout Tower
28:04 Scout Tower
28:21 Arcane Tower
28:24 Guard Tower
28:28 Guard Tower
28:44 Arcane Tower
28:47 Guard Tower
28:57 Guard Tower
29:01 Scout Tower
29:03 Scout Tower
29:05 Scout Tower
29:11 Arcane Tower
29:16 Guard Tower
29:20 Guard Tower
29:37 Guard Tower
29:39 Arcane Tower
29:47 Guard Tower
29:53 Scout Tower
29:55 Scout Tower
29:57 Scout Tower
29:59 Scout Tower
30:00 Scout Tower
30:02 Scout Tower
30:08 Guard Tower
30:10 Arcane Tower
30:21 Scout Tower
30:24 Scout Tower
30:35 Guard Tower
30:38 Arcane Tower
31:44 Arcane Tower
31:48 Guard Tower
34:33 Arcane Tower
34:37 Guard Tower
63:35 Lumber Mill
63:46 Town Hall
66:49 Keep
67:01 Altar of Kings
69:11 Gryphon Aviary
69:18 Castle
71:31 Gryphon Aviary
72:20 Arcane Vault
101:54 Scout Tower
101:56 Scout Tower
101:58 Scout Tower
101:59 Scout Tower
102:02 Scout Tower
102:08 Scout Tower
102:10 Scout Tower
102:12 Scout Tower
102:19 Scout Tower
102:24 Scout Tower
102:57 Arcane Tower
103:04 Arcane Tower
103:18 Arcane Tower
» items
                
                | Healing Salve | 2 |  | 
| Boots of Speed | 1 |  | 
| Staff of Teleportation | 1 |  | 
| Staff of Sanctuary | 1 |  | 
| Mechanical Critter | 2 |  | 
| Scroll of Town Portal | 1 |  | 
                8 total
  
               
              
              
KINgGOKUMaN69 (
green | 9 APM | 2947 actions | 321:35)
              
 6 Blademaster 
 3 Wind Walk
 2 Critical Strike
 1 Bladestorm
 1 Archmage 
 1 Brilliance Aura
 
                » actions 
                
                | Assign group hotkey | 8 |  | 
| Basic commands | 121 |  | 
| Build / train | 73 |  | 
| Enter build submenu | 70 |  | 
| Enter hero's abilities submenu | 7 |  | 
| Give item / drop item | 8 |  | 
| Right click | 1227 |  | 
| Select / deselect | 977 |  | 
| Select group hotkey | 76 |  | 
| Use ability | 380 |  | 
                2947 total
 » units 
                
                | Peon | 11 |  | 
| Wind Rider | 12 |  | 
| Harpy Windwitch | 1 |  | 
| Troll Batrider | 1 |  | 
| Kodo Beast | 1 |  | 
| Shaman | 1 |  | 
                27 total
 » upgrades
                
                | Spiked Barricades | 3 |  | 
| Envenomed Spears | 1 |  | 
| Liquid Fire | 1 |  | 
| War Drums Damage Increase | 1 |  | 
| Ranged Weapons | 3 |  | 
| Armor | 3 |  | 
| Reinforced Defenses | 1 |  | 
| Backpack | 1 |  | 
| Shaman Training | 2 |  | 
                16 total
 » buildings
                
                | Altar of Storms | 2 |  | 
| Orc Burrow | 19 |  | 
| War Mill | 1 |  | 
| Watch Tower | 29 |  | 
| Voodoo Lounge | 1 |  | 
| Stronghold | 2 |  | 
| Beastiary | 2 |  | 
| Fortress | 1 |  | 
| Spirit Lodge | 1 |  | 
                58 total
 » build order
                00:07 Altar of Storms
00:24 Orc Burrow
00:41 War Mill
01:54 Watch Tower
01:55 Watch Tower
02:00 Watch Tower
02:29 Voodoo Lounge
02:52 Stronghold
02:52 Stronghold
03:10 Watch Tower
04:18 Watch Tower
04:22 Orc Burrow
04:24 Orc Burrow
04:26 Orc Burrow
04:31 Watch Tower
05:10 Watch Tower
05:11 Watch Tower
05:12 Watch Tower
05:17 Beastiary
05:48 Watch Tower
05:49 Watch Tower
05:54 Orc Burrow
06:05 Beastiary
07:04 Watch Tower
07:06 Watch Tower
07:07 Watch Tower
07:08 Watch Tower
07:56 Watch Tower
07:59 Watch Tower
08:05 Fortress
08:17 Watch Tower
09:26 Watch Tower
09:32 Watch Tower
09:34 Watch Tower
11:03 Watch Tower
11:31 Orc Burrow
11:32 Orc Burrow
12:11 Watch Tower
13:00 Orc Burrow
13:52 Watch Tower
14:18 Orc Burrow
14:19 Orc Burrow
21:30 Spirit Lodge
23:17 Watch Tower
24:17 Watch Tower
24:21 Watch Tower
24:24 Watch Tower
24:36 Watch Tower
135:15 Orc Burrow
143:46 Orc Burrow
144:43 Altar of Storms
144:58 Orc Burrow
145:04 Orc Burrow
145:14 Orc Burrow
145:41 Orc Burrow
145:49 Orc Burrow
146:12 Orc Burrow
146:22 Orc Burrow
» items
                
                | Healing Salve | 2 |  | 
| Lesser Clarity Potion | 3 |  | 
| Boots of Speed | 1 |  | 
| Staff of Teleportation | 1 |  | 
| Orb of Lightning | 1 |  | 
| Circlet of Nobility | 1 |  | 
| Scroll of Town Portal | 2 |  | 
                11 total
  
               
              
              
xMaJiNxBUUx (
pink | 8 APM | 2564 actions | 321:35)
              
 7 Warden 
 3 Shadow Strike
 3 Blink
 1 Fan of Knives
 
                » actions 
                
                | Assign group hotkey | 20 |  | 
| Basic commands | 102 |  | 
| Build / train | 87 |  | 
| ESC pressed | 2 |  | 
| Enter build submenu | 23 |  | 
| Enter hero's abilities submenu | 7 |  | 
| Give item / drop item | 4 |  | 
| Remove unit from queue | 2 |  | 
| Right click | 1525 |  | 
| Select / deselect | 390 |  | 
| Select group hotkey | 123 |  | 
| Use ability | 279 |  | 
                2564 total
 » units 
                
                | Wisp | 29 |  | 
| Druid of the Talon | 22 |  | 
| Chimaera | 5 |  | 
                56 total
 » upgrades
                
                | Ultravision | 1 |  | 
| Strength of the Wild | 3 |  | 
| Druid of the Talon Training | 2 |  | 
| Well Spring | 1 |  | 
| Reinforced Hides | 2 |  | 
| Mark of the Talon | 1 |  | 
| Nature's Blessing | 1 |  | 
| Corrosive Breath | 1 |  | 
                12 total
 » buildings
                
                | Altar of Elders | 1 |  | 
| Moon Well | 10 |  | 
| Hunter's Hall | 1 |  | 
| Tree of Ages | 1 |  | 
| Ancient of Wonders | 1 |  | 
| Tree of Life | 1 |  | 
| Tree of Eternity | 1 |  | 
| Ancient of Wind | 3 |  | 
| Ancient of War | 1 |  | 
| Chimaera Roost | 2 |  | 
                22 total
 » build order
                00:09 Altar of Elders
00:21 Moon Well
03:48 Moon Well
04:15 Hunter's Hall
04:34 Moon Well
05:08 Moon Well
06:54 Moon Well
06:58 Moon Well
07:55 Moon Well
07:59 Tree of Ages
08:06 Ancient of Wonders
09:14 Moon Well
09:46 Tree of Life
10:22 Tree of Eternity
10:26 Ancient of Wind
10:48 Ancient of Wind
26:07 Ancient of War
27:39 Moon Well
27:42 Moon Well
27:56 Ancient of Wind
31:17 Chimaera Roost
31:24 Chimaera Roost
» items
                
                | Healing Salve | 1 |  | 
| Lesser Clarity Potion | 1 |  | 
| Tiny Great Hall | 1 |  | 
| Boots of Speed | 1 |  | 
| Orb of Venom | 1 |  | 
| Staff of Teleportation | 1 |  | 
                6 total
  
               team 2 (loser) 
              
              
bjladd (
purple | 14 APM | 1172 actions | 81:28)
              
 3 Priestess of the Moon 
 2 Trueshot Aura
 1 Scout
 
                » actions 
                
                | Basic commands | 12 |  | 
| Build / train | 67 |  | 
| Enter build submenu | 18 |  | 
| Enter hero's abilities submenu | 3 |  | 
| Remove unit from queue | 9 |  | 
| Right click | 559 |  | 
| Select / deselect | 434 |  | 
| Use ability | 70 |  | 
                1172 total
 » units 
                
                | Wisp | 11 |  | 
| Archer | 10 |  | 
| Glaive Thrower | 3 |  | 
| Hippogryph | 6 |  | 
| Dryad | 4 |  | 
| Huntress | 4 |  | 
                38 total
 » upgrades
                
                | Improved Bows | 1 |  | 
| Sentinel | 1 |  | 
| Ultravision | 1 |  | 
| Hippogryph Taming | 1 |  | 
| Strength of the Moon | 2 |  | 
| Moon Armor | 2 |  | 
| Marksmanship | 1 |  | 
| Vorpal Blades | 1 |  | 
| Abolish Magic | 1 |  | 
| Nature's Blessing | 1 |  | 
| Corrosive Breath | 1 |  | 
                13 total
 » buildings
                
                | Altar of Elders | 1 |  | 
| Moon Well | 7 |  | 
| Ancient of War | 2 |  | 
| Hunter's Hall | 1 |  | 
| Tree of Ages | 1 |  | 
| Ancient of Wind | 2 |  | 
| Tree of Eternity | 1 |  | 
| Ancient of Lore | 1 |  | 
| Chimaera Roost | 2 |  | 
                18 total
 » build order
                00:15 Altar of Elders
00:25 Moon Well
00:40 Ancient of War
01:23 Moon Well
02:21 Moon Well
04:03 Hunter's Hall
04:42 Ancient of War
05:18 Tree of Ages
07:55 Ancient of Wind
08:14 Ancient of Wind
10:22 Moon Well
11:45 Moon Well
11:51 Tree of Eternity
13:51 Moon Well
18:32 Moon Well
18:41 Ancient of Lore
42:45 Chimaera Roost
42:54 Chimaera Roost
» items
                 
               
              
              
» 
chumptastic (
red | 11 APM | 3628 actions | 321:35)
              
 7 Mountain King 
 3 Storm Bolt
 3 Thunder Clap
 1 Avatar
 2 Priestess of the Moon 
 2 Scout
 5 Blademaster 
 1 Bladestorm
 1 Critical Strike
 3 Mirror Image
 
                » actions 
                
                | Assign group hotkey | 53 |  | 
| Basic commands | 533 |  | 
| Build / train | 124 |  | 
| ESC pressed | 5 |  | 
| Enter build submenu | 86 |  | 
| Enter hero's abilities submenu | 14 |  | 
| Give item / drop item | 9 |  | 
| Remove unit from queue | 2 |  | 
| Right click | 838 |  | 
| Select / deselect | 928 |  | 
| Select group hotkey | 734 |  | 
| Use ability | 302 |  | 
                3628 total
 » units 
                
                | Peasant | 29 |  | 
| Footman | 6 |  | 
| Rifleman | 1 |  | 
| Siege Engine | 6 |  | 
| Flying Machine | 4 |  | 
| Sorceress | 2 |  | 
| Dragonhawk Rider | 2 |  | 
| Priest | 1 |  | 
| Chimaera | 1 |  | 
| Druid of the Talon | 1 |  | 
                53 total
 » upgrades
                
                | Defend | 1 |  | 
| Masonry | 3 |  | 
| Lumber Harvesting | 2 |  | 
| Magic Sentry | 1 |  | 
| Barrage | 1 |  | 
| Flak Cannons | 1 |  | 
| Flying Machine Bombs | 1 |  | 
| Gunpowder | 3 |  | 
| Armor | 1 |  | 
| Plating | 2 |  | 
| Sorceress Training | 2 |  | 
| Cloud | 1 |  | 
| Druid of the Talon Training | 1 |  | 
                20 total
 » buildings
                
                | Altar of Kings | 1 |  | 
| Farm | 20 |  | 
| Barracks | 2 |  | 
| Scout Tower | 65 |  | 
| Arcane Tower | 1 |  | 
| Lumber Mill | 1 |  | 
| Keep | 1 |  | 
| Blacksmith | 1 |  | 
| Arcane Vault | 1 |  | 
| Town Hall | 1 |  | 
| Guard Tower | 29 |  | 
| Arcane Sanctum | 1 |  | 
| Workshop | 5 |  | 
| Castle | 1 |  | 
| Ancient of Wonders | 1 |  | 
| Gryphon Aviary | 1 |  | 
                132 total
 » build order
                00:07 Altar of Kings
00:20 Farm
00:37 Barracks
01:04 Farm
01:49 Barracks
02:03 Farm
02:32 Farm
02:34 Farm
05:12 Scout Tower
05:49 Arcane Tower
06:05 Lumber Mill
06:19 Keep
07:08 Blacksmith
07:43 Arcane Vault
08:44 Town Hall
09:59 Scout Tower
10:01 Scout Tower
10:04 Scout Tower
10:07 Scout Tower
10:10 Scout Tower
10:13 Scout Tower
10:32 Guard Tower
10:35 Scout Tower
10:37 Scout Tower
10:40 Scout Tower
10:50 Guard Tower
10:52 Scout Tower
11:04 Scout Tower
11:09 Guard Tower
11:12 Scout Tower
11:16 Scout Tower
11:18 Scout Tower
11:32 Scout Tower
11:35 Guard Tower
12:13 Guard Tower
12:38 Arcane Sanctum
12:58 Guard Tower
13:07 Workshop
13:56 Castle
14:25 Workshop
14:37 Scout Tower
14:42 Scout Tower
14:45 Scout Tower
14:48 Scout Tower
14:51 Scout Tower
15:22 Scout Tower
15:24 Guard Tower
15:36 Guard Tower
15:42 Scout Tower
15:43 Scout Tower
15:45 Scout Tower
15:48 Scout Tower
15:59 Workshop
16:14 Scout Tower
16:34 Scout Tower
16:36 Guard Tower
16:37 Scout Tower
16:39 Scout Tower
16:42 Scout Tower
16:52 Scout Tower
16:53 Scout Tower
17:01 Guard Tower
17:04 Scout Tower
17:56 Guard Tower
18:20 Scout Tower
18:24 Scout Tower
18:26 Scout Tower
18:28 Scout Tower
18:30 Scout Tower
18:31 Scout Tower
18:38 Scout Tower
18:39 Scout Tower
18:43 Scout Tower
18:44 Scout Tower
18:45 Scout Tower
18:46 Scout Tower
18:47 Scout Tower
18:48 Scout Tower
18:51 Scout Tower
18:52 Scout Tower
18:54 Scout Tower
19:03 Guard Tower
19:16 Workshop
19:39 Scout Tower
19:43 Scout Tower
19:47 Guard Tower
19:58 Scout Tower
20:13 Guard Tower
20:47 Guard Tower
20:52 Guard Tower
21:43 Guard Tower
21:47 Guard Tower
22:38 Guard Tower
22:44 Guard Tower
22:51 Scout Tower
22:54 Scout Tower
22:59 Guard Tower
23:06 Scout Tower
24:02 Farm
24:04 Farm
24:05 Farm
24:05 Farm
24:07 Farm
24:08 Farm
24:09 Farm
24:10 Farm
24:11 Farm
24:17 Farm
24:18 Farm
24:19 Farm
24:21 Farm
24:42 Guard Tower
24:45 Scout Tower
24:47 Farm
24:49 Guard Tower
26:09 Scout Tower
26:32 Scout Tower
26:34 Scout Tower
26:36 Scout Tower
26:44 Guard Tower
27:03 Guard Tower
28:07 Scout Tower
28:23 Farm
28:41 Guard Tower
28:45 Guard Tower
28:53 Workshop
30:17 Scout Tower
30:21 Scout Tower
30:53 Guard Tower
31:16 Guard Tower
96:49 Ancient of Wonders
130:37 Gryphon Aviary
» items
                
                | Scroll of Regeneration | 1 |  | 
| Staff of Teleportation | 1 |  | 
                2 total
  
               
              
              
xyxgy (
orange | 20 APM | 2572 actions | 128:16)
              
 5 Blademaster 
 3 Wind Walk
 2 Critical Strike
 
                » actions 
                
                | Assign group hotkey | 31 |  | 
| Basic commands | 137 |  | 
| Build / train | 104 |  | 
| Enter build submenu | 19 |  | 
| Enter hero's abilities submenu | 5 |  | 
| Give item / drop item | 3 |  | 
| Right click | 857 |  | 
| Select / deselect | 904 |  | 
| Select group hotkey | 435 |  | 
| Use ability | 77 |  | 
                2572 total
 » units 
                
                | Peon | 11 |  | 
| Grunt | 7 |  | 
| Wind Rider | 13 |  | 
| Troll Batrider | 51 |  | 
| Raider | 1 |  | 
                83 total
 » upgrades
                
                | Berserker Strength | 1 |  | 
| Ranged Weapons | 3 |  | 
| Liquid Fire | 1 |  | 
| Reinforced Defenses | 1 |  | 
| Armor | 3 |  | 
| Troll Regeneration | 1 |  | 
| Ensnare | 1 |  | 
                11 total
 » buildings
                
                | Altar of Storms | 1 |  | 
| Orc Burrow | 10 |  | 
| Barracks | 2 |  | 
| Voodoo Lounge | 1 |  | 
| Stronghold | 1 |  | 
| Beastiary | 2 |  | 
| War Mill | 1 |  | 
| Great Hall | 1 |  | 
| Fortress | 1 |  | 
                20 total
 » build order
                00:03 Altar of Storms
00:13 Orc Burrow
00:37 Barracks
01:31 Orc Burrow
01:55 Voodoo Lounge
02:16 Barracks
03:15 Orc Burrow
05:12 Stronghold
05:44 Orc Burrow
07:38 Beastiary
07:44 Beastiary
07:49 War Mill
09:14 Orc Burrow
09:35 Great Hall
10:55 Orc Burrow
11:18 Orc Burrow
13:26 Orc Burrow
18:00 Fortress
21:29 Orc Burrow
22:24 Orc Burrow
» items
                
                | Healing Salve | 1 |  | 
| Orb of Lightning | 1 |  | 
                2 total
  
                Chat log
          
(15:48 / All) KINgGOKUMaN69: tower nabs
(21:52 / All) KINgGOKUMaN69: Tower u doin?
(29:47 / All) xMaJiNxBUUx: haha
(29:49 / All) xMaJiNxBUUx: missed me
(34:12 / All) KINgGOKUMaN69: HOW u guys doin?
(44:36 / All) Cap10_Ginyu: welcome to HIGHPERCH
(48:00 / All) xMaJiNxBUUx: hey gays
(48:07 / All) Cap10_Ginyu: omg lol gays
(48:11 / All) xyxgy: hi
(48:14 / All) Cap10_Ginyu: so where are you guys from ?
(48:19 / All) xyxgy: minnesota
(48:20 / All) xyxgy: you?
(48:38 / All) Cap10_Ginyu: brainard
(51:36 / All) xyxgy: i don't have any pants on
(52:53 / All) xyxgy: 16 control
(53:04 / All) KINgGOKUMaN69: what?
(53:15 / All) xyxgy: i said i'm not wearing pants
(53:18 / All) xMaJiNxBUUx: you gays
(53:23 / All) xMaJiNxBUUx: are really really dumb
(53:32 / All) Cap10_Ginyu: so, whatcha gonna do with all them ground units ?
(53:35 / All) Cap10_Ginyu: you cant beat us
(53:46 / All) xMaJiNxBUUx: and you're gay
(53:51 / All) Cap10_Ginyu: that too
(53:52 / All) xMaJiNxBUUx: so fucking kill yourselves
(53:55 / All) xMaJiNxBUUx: hahahahhaah
(54:01 / All) KINgGOKUMaN69: Mista no pants man
(54:02 / All) xMaJiNxBUUx: i meant in rl
(54:08 / All) xMaJiNxBUUx: btw
(54:15 / All) KINgGOKUMaN69: Im KingGOKUMAN how do you do?
(54:31 / Allies) xMaJiNxBUUx: BUU IS ANGRY
(54:38 / All) xMaJiNxBUUx: BUU IS ANGRY
(54:42 / All) xMaJiNxBUUx: YOU HURT BUU
(54:56 / All) Cap10_Ginyu: do you guys have ventrilo ?
(57:18 / All) Cap10_Ginyu: so uh, how do you plan on winning ?
(57:30 / All) xyxgy: better internet connection
(57:45 / All) xMaJiNxBUUx: you rich fucks
(57:51 / All) Cap10_Ginyu: i live 3 blocks from battle.net servers
(58:13 / All) Cap10_Ginyu: thats why they always have me on the team for these games
(58:21 / All) Cap10_Ginyu: our longest was over 28 hours
(58:25 / All) Cap10_Ginyu: so, have fun with that
(59:40 / All) Cap10_Ginyu: we have over 8k gold combined, how much you got ?
(60:34 / All) xyxgy: yeah
(61:04 / All) Cap10_Ginyu: how many bats did you lose there ? like 20 ?
(61:08 / All) Cap10_Ginyu: i lost 1 hawk
(64:30 / All) Cap10_Ginyu: why did you kill my pet boar ?
(81:32 / All) Cap10_Ginyu: gg
(81:48 / All) Cap10_Ginyu: Follow your friend
(81:50 / All) Cap10_Ginyu: you cant win
(83:51 / All) xyxgy: i miss the warden